 Dungeon Crawl Stone Soup version 0.30-a0-365-ge7f957f1db (webtiles) character file.

Game seed: 15020984261704433507

1204 voltaire321 the Chopper (level 8, -1/68 HPs)
             Began as a Hill Orc Reaver on Nov 16, 2022.
             Slain by a centaur (2 damage)
             ... on level 7 of the Dungeon.
             The game lasted 00:17:01 (5710 turns).

voltaire321 the Chopper (Hill Orc Reaver)           Turns: 5710, Time: 00:17:02

Health: -1/68      AC:  5    Str: 23    XL:     8   Next: 45%
Magic:  12/12      EV: 11    Int: 13    God:
Gold:   261        SH:  3    Dex:  9    Spells: 10/13 levels left

rFire   . . .      SeeInvis .    a - +1 hand axe (vorpal)
rCold   . . .      Faith    .    f - +1 buckler
rNeg    . . .      Spirit   .    b - +0 leather armour
rPois   .          Reflect  .    (no helmet)
rElec   .          Harm     .    (no cloak)
rCorr   .          Rampage  .    j - +0 pair of gloves
Will    .....                    h - +0 pair of boots
Stlth   +.........               (no amulet)
HPRegen 0.31/turn                c - +6 ring of strength
MPRegen 0.13/turn                v - ring of wizardry

@: no status effects
A: no striking features
a: no special abilities


You were on level 7 of the Dungeon.
You visited 1 branch of the dungeon, and saw 7 of its levels.

You collected 261 gold pieces.

Inventory:

Hand Weapons
 a - a +1 vorpal hand axe (weapon)
 t - a +0 war axe
Missiles
 l - 3 poisoned darts
 n - 3 curare-tipped darts
 o - a throwing net
Armour
 b - a +0 leather armour (worn)
 f - a +1 buckler (worn)
 h - a +0 pair of boots (worn)
 j - a +0 pair of gloves (worn)
Jewellery
 c - a +6 ring of strength (left hand)
 v - a ring of wizardry (right hand)
Wands
 k - a wand of mindburst (24)
 q - a wand of light (6)
Scrolls
 d - 2 scrolls of identify
 e - 2 scrolls of fear
 p - 2 scrolls of butterflies
 s - a scroll of enchant armour
 u - a scroll of brand weapon
Potions
 g - 2 potions of berserk rage
 i - 2 potions of curing
 m - 2 potions of might {unknown}
 r - a potion of resistance {unknown}


   Skills:
 + Level 5.2 Fighting
 + Level 6.5 Axes
 + Level 3.8 Armour
 + Level 3.3 Dodging
 + Level 3.3 Spellcasting
 + Level 4.9 Conjurations
 - Level 2.0 Translocations


You had 10 spell levels left.
You knew the following spells:

 Your Spells              Type           Power      Damage    Failure   Level
a - Kiss of Death         Conj/Necr      32%        2d7       5%          1
b - Momentum Strike       Conj/Tloc      22%        3d8       5%          2

Your spell library contained the following spells:

 Spells                   Type           Power      Damage    Failure   Level
 Apportation              Tloc           14%        N/A       6%          1
 Beastly Appendage        Tmut           4%         N/A       14%         1
 Necrotise                Necr           8%         1d4       14%         1
 Summon Small Mammal      Summ           8%         N/A       14%         1
 Hailstorm                Conj/Ice       8%         3d4       16%         3
 Wereblood                Tmut           2%         N/A       21%         2
 Spider Form              Tmut/Pois      2%         N/A       38%         3
 Ice Form                 Ice/Tmut       2%         N/A       77%         4
 Simulacrum               Ice/Necr       1%         N/A       100%        6


Dungeon Overview and Level Annotations

Branches:
Dungeon (7/15)
 Temple: D:4-7

Altars:
Cheibriados
Okawaru
Uskayaw
Xom

Shops:
D:1 *:   D:4 ([!

Annotations:
D:6 Maggie


Message History

The white imp shouts!
You hear a shout!
There is a stone staircase leading up here.
You hit the centaur.
The centaur is moderately wounded.
The centaur hits you but does no damage.
The centaur kicks you but does no damage.
The white imp gestures at you. The puff of frost hits you!
* * * LOW HITPOINT WARNING * * *
You slash the centaur!
The centaur is severely wounded.
The centaur hits you.
* * * LOW HITPOINT WARNING * * *
The centaur completely misses you.
You hit the centaur.
The centaur is almost dead.
You block the centaur's attack.
The centaur kicks you but does no damage.
The centaur barely misses you.
The centaur kicks you but does no damage.
The white imp hits you but does no damage.
You slash the centaur!
You kill the centaur!
You barely miss the white imp.
A centaur comes into view.
The white imp hits you but does no damage.
You completely miss the white imp.
The white imp hits you but does no damage.
You slash the white imp!
The white imp is severely wounded.
You hit the white imp.
You kill the white imp!
The centaur wields a +0 shortbow.
The centaur shoots an arrow.
The arrow hits you.
* * * LOW HITPOINT WARNING * * *
The centaur shoots an arrow.
The arrow hits you.
* * * LOW HITPOINT WARNING * * *
The centaur unwields a +0 shortbow.
You block the centaur's attack. The centaur kicks you.
You die...

.... .... ...
.. # .# #
#.#####.#.####
#.....c.......
#...)@#
#...##<##
#.....#.#
##.##. ... ##
#.... #####


You could see a centaur.

Vanquished Creatures
  Menkaure (D:6)
  An ice beast (D:6)
  A black bear (D:4)
  A sky beast (D:6)
  An ogre (D:5)
  A centaur (D:7)
  3 necrophages
  A bullfrog (D:4)
  A jelly (D:5)
  2 hounds
  2 orc wizards (D:6)
  Natasha (thrice) (D:2)
  6 adders
  8 gnolls
  A shadow imp (D:6)
  A white imp (D:7)
  An ufetubus (D:5)
  A worm (D:4)
  2 dart slugs
  2 orcs
  4 ball pythons
  7 bats
  8 endoplasms
  13 goblins
  8 hobgoblins
  A quokka (D:3)
  4 frilled lizards
  8 kobolds
  2 rats (D:1)
95 creatures vanquished.

Notes
Turn   | Place    | Note
-------+----------+-------------------------------------------
     0 | D:1      | voltaire321 the Hill Orc Reaver began the quest for the
                  | Orb.
     0 | D:1      | Reached XP level 1. HP: 18/18 MP: 3/3
   119 | D:1      | Reached XP level 2. HP: 25/25 MP: 4/4
   267 | D:1      | Found Qouruuko's Book Shop.
   275 | D:1      | Learned a level 2 spell: Momentum Strike
   421 | D:1      | Found Onafuv's Assorted Antiques.
   882 | D:2      | Reached XP level 3. HP: 29/30 MP: 5/5
  1000 | D:2      | Noticed Natasha
  1017 | D:2      | Killed Natasha
  1018 | D:2      | Reached skill level 1 in Armour
  1104 | D:2      | Noticed Natasha
  1115 | D:2      | Killed Natasha
  1116 | D:2      | Reached XP level 4. HP: 34/38 MP: 6/6
  1206 | D:2      | Noticed Natasha
  1216 | D:2      | Killed Natasha
  1217 | D:2      | Reached skill level 1 in Translocations
  1549 | D:3      | Reached XP level 5. HP: 7/42 MP: 8/8
  2656 | D:4      | Found Ydoah's Antique Armour Shoppe.
  2677 | D:4      | Reached skill level 5 in Axes
  2677 | D:4      | Reached XP level 6. HP: 4/51 MP: 9/9
  2990 | D:4      | Noticed a black bear
  3082 | D:4      | Killed a black bear
  3156 | D:4      | Found Yteusos's Distillery.
  3253 | D:4      | Found a hide-covered altar of Uskayaw.
  3254 | D:4      | Found an iron altar of Okawaru.
  3430 | D:4      | Found a snail-covered altar of Cheibriados.
  3731 | D:4      | Found Bedeemisa's Weapon Shop.
  3850 | D:5      | Entered Level 5 of the Dungeon
  4016 | D:5      | Reached XP level 7. HP: 25/57 MP: 10/10
  5009 | D:6      | Noticed Maggie
  5141 | D:6      | Found a shimmering altar of Xom.
  5337 | D:6      | Reached skill level 6 in Axes
  5369 | D:6      | Reached XP level 8. HP: 40/67 MP: 12/12
  5637 | D:6      | Noticed Menkaure
  5647 | D:6      | Killed Menkaure
  5661 | D:6      | Reached skill level 5 in Fighting
  5709 | D:7      | HP: 3/68 [centaur/arrow (6)]
  5709 | D:7      | HP: 1/68 [centaur/arrow (2)]
  5710 | D:7      | Slain by a centaur

Illustrated notes

Levels and vault maps discovered:
D:1:      lightli_arrival_isolated_outpost, layout_loops_ring, serial_shops,
          nicolae_shop_trees, nicolae_shop_hallway_plus, minmay_split_cup_large
D:2:      layout_rooms, uniq_natasha
D:3:      layout_loops_ring
D:4:      layout_basic, kennysheep_slug_shrine, gammafunk_temple_overflow_pools,
          serial_shops, shop, nicolae_shop_trees,
          nicolae_shop_bloodbath_and_beyond, minivault_11,
          mrwooster_statue_mirror, minmay_pentangle
D:5:      layout_cave_pods
D:6:      layout_basic, marbit_many_paths, xom_teletrap_fun,
          kennysheep_generic_room_7, uniq_sigmund, uniq_menkaure, uniq_maggie
D:7:      layout_loops_ring, mainiacjoe_overflow_24_doors,
          minmay_temple_entry_trees, nicolae_ossuary_entry_false_entrances,
          kb_lookout_dungeons_type, uniq_pikel

Skill      XL: |  1  2  3  4  5  6  7  8 |
---------------+-------------------------+-----
Fighting       | 3 4 5 |  5.2
Armour         | 1 2 3 |  3.8
Dodging        | 2 3 |  3.3
Spellcasting   | 2 3 |  3.3
Translocations | 1 2 |  2.0
Axes           | 5 6 |  6.5
Conjurations   | 4 |  4.9

Action                   |  1- 3 |  4- 6 |  7- 9 || total
-------------------------+-------+-------+-------++-------
Melee: Hand axe          |   121 |   153 |   124 ||   398
 Cast: Kiss of Death     |     1 |     2 |       ||     3
       Momentum Strike   |       |     1 |       ||     1
  Use: Scroll            |       |    10 |     4 ||    14
Armor: Leather armour    |    59 |    30 |    50 ||   139
Dodge: Dodged            |   103 |    76 |    53 ||   232
Block: Buckler           |    10 |    13 |    18 ||    41

Table legend: (Time is in decaauts)
 A = Elapsed time spent in this place.
 B = Non-inter-level travel time spent in this place.
 C = Inter-level travel time spent in this place.
 D = Time resting spent in this place.
 E = Time spent auto-exploring this place.
 F = Levels seen in this place.
 G = Mean time per level.
                   A        B        C        D        E       F      G
               +--------+--------+--------+--------+--------+-----+--------+
         Total |   5758 |   5460 |    298 |    936 |   3361 |   7 |  822.6 |
       Dungeon |   5758 |   5460 |    298 |    936 |   3361 |   7 |  822.6 |
               +--------+--------+--------+--------+--------+-----+--------+

Top non-repeatable levels by time:
     D:4: 1561 daAuts
     D:5: 1250 daAuts
     D:3: 991 daAuts
     D:1: 707 daAuts
     D:2: 631 daAuts
     D:6: 609 daAuts
     D:7: 7 daAuts
